 Dungeon Crawl Stone Soup version 0.31-a0-233-g139696dc86 (webtiles) character file.

Game seed: 5051764791807309532

210 qw the Shooter (level 5, -1/31 HPs)
             Began as a Gargoyle Hexslinger on July 7, 2023.
             Slain by a phantom (3 damage)
             ... on level 6 of the Dungeon.
             The game lasted 00:00:59 (2457 turns).

qw the Shooter (Gargoyle Hexslinger)                Turns: 2457, Time: 00:01:00

Health: -1/31      AC:  9    Str: 11    XL:     5   Next: 88%
Magic:  6/6        EV: 10    Int: 14    God:
Gold:   124        SH:  0    Dex: 14    Spells: 5/6 levels left

rFire   . . .        Y - +1 sling (drain)
rCold   . . .        (no shield)
rNeg    + . .        i - +0 ring mail
rPois   inf          (no helmet)
rElec   +            (no cloak)
rCorr   .            (no gloves)
SInv    .            (no boots)
Will    .....        (no amulet)
Stlth   +            (no ring)
HPRegen 0.25/turn    (no ring)
MPRegen 0.10/turn

%: no passive effects
@: about to teleport
A: sickness immunity, AC +4, negative energy resistance 1, electricity
resistance, torment resistance 1, petrification resistance
a: no special abilities


You were on level 6 of the Dungeon.
You visited 1 branch of the dungeon, and saw 4 of its levels.

You collected 124 gold pieces.


Innate Abilities, Weirdness & Mutations

You are immune to sickness and miasma.
Your stone body is resilient. (AC +4)
You are immune to poison.
You resist negative energy. (rN+)
You are resistant to electric shocks. (rElec)
You are resistant to unholy torment.
You are immune to petrification.


   Skills:
 + Level 2.7 Fighting
 - Level 5.1 Ranged Weapons
 - Level 1.4 Armour
 - Level 1.5 Dodging
 - Level 1.0 Spellcasting
 - Level 2.6 Hexes


You had 5 spell levels left.
You knew the following spells:

 Your Spells              Type           Power      Damage    Failure   Level
a - Slow                  Hex            32%        N/A       21%         1

Your spell library contained the following spells:

 Spells                   Type           Power      Damage    Failure   Level
 Inner Flame              Hex/Fire       4%         N/A       71%         3
 Portal Projectile        Hex/Tloc       8%         N/A       71%         3
 Cause Fear               Hex            4%         N/A       90%         4

Inventory:

Hand Weapons
 Y - a +1 sling of draining (weapon)
Armour
 i - a +0 ring mail (worn)
 k - a +0 helmet
 l - a +1 cloak
Scrolls
 c - a scroll of enchant weapon {unknown}
 d - 2 scrolls of identify
 h - a scroll of revelation {unknown}
Potions
 a - a potion of experience {unknown}
 b - a potion of might {unknown}
 e - a potion of resistance {unknown}
 f - a potion of curing {unknown}
 g - 2 potions of magic {unknown}
 j - 2 potions of invisibility {unknown}
 n - 2 potions of mutation {unknown}

Dungeon Overview and Level Annotations

Branches:
Dungeon (6/15)
 Temple: D:4-7

Altars:
Fedhas
Makhleb


Message History

The phantom is moderately damaged.
The phantom misses you. The phantom barely misses you.
You shoot a sling bullet.
The sling bullet closely misses the phantom.
The phantom hits you but does no damage.
You shoot a sling bullet. The sling bullet hits the phantom.
The phantom is heavily damaged.
The phantom hits you.
The phantom blinks!
You blink.
You shoot a sling bullet.
The sling bullet barely misses the phantom.
The phantom hits you but does no damage.
You shoot a sling bullet. The sling bullet hits the phantom.
The phantom is severely damaged.
The phantom barely misses you. x2
You shoot a sling bullet.
The sling bullet closely misses the phantom.
The phantom hits you but does no damage.
You shoot a sling bullet. The sling bullet hits the phantom.
The phantom is severely damaged.
The phantom hits you but does no damage.
You shoot a sling bullet.
The sling bullet closely misses the phantom.
The phantom closely misses you.
The phantom hits you but does no damage.
You shoot a sling bullet. The sling bullet hits the phantom.
The phantom is almost destroyed.
The phantom closely misses you.
You shoot a sling bullet. The sling bullet hits the phantom.
The phantom is almost destroyed.
The phantom hits you.
2455 ||| READING scroll of teleportation.
As you read the scroll of teleportation, it crumbles to dust.
You feel strangely unstable. The phantom barely misses you.
You shoot a sling bullet.
The sling bullet barely misses the phantom.
The phantom hits you but does no damage.
You shoot a sling bullet. The sling bullet misses the phantom.
The phantom hits you.
The phantom blinks!
You blink.
The phantom hits you.
You die...

.......# #...................
.......### ###.~~~~~~~~~.......
)......'.#######.~.......~./.....
.......#.#.......~.#####.~.......
.......#.#.......~...(.#.~.######
....####.#.......~.#._.#.~.#
....# #.........~.#.....~.# #...#
##........~.#####.~.## ##..#
##$¤....@W.......~..# ##..
#.¤.....~~~~.~~~~..# ##
#######............#####
##..###.####...... #.##...#
####.## #..#.### #.# #...#######
#.# ##........# #.#
#.........###.##


You could see a phantom.

Vanquished Creatures
  A jelly (D:6)
  An iguana (D:6)
  2 orc wizards
  2 adders (D:3)
  4 dart slugs
  6 orcs
  6 ball pythons
  5 endoplasms
  A hobgoblin (D:1)
  4 quokkas
  2 bats
  4 frilled lizards
  9 goblins
  4 kobolds
  6 rats
57 creatures vanquished.

Vanquished Creatures (others)
  An orc wizard (D:3)
1 creature vanquished.

Grand Total: 58 creatures vanquished

Notes
Turn   | Place    | Note
-------+----------+-------------------------------------------
     0 | D:1      | qw the Gargoyle Hexslinger began the quest for the Orb.
     0 | D:1      | Reached XP level 1. HP: 12/12 MP: 2/2
     0 | D:1      | 0 ||| qw: Version: 0.3-a-46-gb1f654a
     0 | D:1      | 0 ||| qw: Game counter: 3124
     0 | D:1      | 0 ||| qw: Melee chars always use a shield: true
     0 | D:1      | 0 ||| qw: God list: Okawaru
     0 | D:1      | 0 ||| qw: Allow faded altars: false
     0 | D:1      | 0 ||| qw: Do Orc after clearing Dungeon:15 true
     0 | D:1      | 0 ||| qw: Do second Lair branch before Depths: true
     0 | D:1      | 0 ||| qw: Lair rune preference: random
     0 | D:1      | 0 ||| qw: Goals: Normal
     0 | D:1      | 0 ||| PLANNING D:1-11
   223 | D:1      | Reached XP level 2. HP: 16/16 MP: 3/3
   264 | D:1      | 264 ||| FLEEEEING.
   267 | D:1      | 267 ||| FLEEEEING.
   268 | D:1      | 268 ||| FLEEEEING.
   269 | D:1      | 269 ||| FLEEEEING.
   318 | D:1      | Reached skill level 3 in Ranged Weapons
   436 | D:1      | 436 ||| FLEEEEING.
   437 | D:1      | 437 ||| FLEEEEING.
   438 | D:1      | 438 ||| FLEEEEING.
   585 | D:1      | Reached XP level 3. HP: 15/21 MP: 4/4
   927 | D:1      | 927 ||| READING scroll labelled GUTHUASESH.
   928 | D:1      | 928 ||| READING scroll labelled VETZIO KOFRU.
   929 | D:1      | 929 ||| READING 2 scrolls labelled PECIKO KELEJYSM.
   930 | D:1      | 930 ||| READING scroll labelled YNLEOG FEMEN.
   931 | D:1      | 931 ||| DROPPING scroll of poison.
   932 | D:1      | 932 ||| DROPPING scroll of vulnerability.
  1552 | D:2      | 1552 ||| UPGRADING to +0 ring mail.
  1562 | D:2      | 1562 ||| DROPPING +0 robe.
  1563 | D:2      | 1563 ||| READING scroll labelled DEAMON WETWO.
  1564 | D:2      | 1564 ||| READING scroll labelled FAXUPSAKHLU.
  1565 | D:2      | 1565 ||| READING 2 scrolls labelled WOSASME TAREFAL.
  1760 | D:3      | Found a burning altar of Makhleb.
  1764 | D:3      | Reached XP level 4. HP: 26/26 MP: 5/5
  1779 | D:3      | Reached skill level 4 in Ranged Weapons
  1826 | D:3      | 1826 ||| Stepping ~*~*~tactically~*~*~ (outnumbered).
  1828 | D:3      | 1828 ||| Stepping ~*~*~tactically~*~*~ (outnumbered).
  1829 | D:3      | 1829 ||| Stepping ~*~*~tactically~*~*~ (outnumbered).
  1840 | D:3      | Reached skill level 1 in Armour
  1840 | D:3      | HP: 2/26 [something/puff of flame (5)]
  1841 | D:3      | 1841 ||| READING scroll of teleportation.
  1942 | D:3      | Identified the +6 hand axe of Tueleit {drain, Fragile rPois
                  | rN+}
  1976 | D:3      | Reached XP level 5. HP: 12/30 MP: 6/6
  2087 | D:3      | Identified the +5 mace of the Abyss {freeze, Str+3}
  2250 | D:3      | You fall into a shaft and drop 3 floors!
  2318 | D:6      | Found a blossoming altar of Fedhas.
  2378 | D:6      | Reached skill level 5 in Ranged Weapons
  2425 | D:6      | Noticed a phantom
  2454 | D:6      | HP: 7/31 [phantom (5)]
  2455 | D:6      | 2455 ||| READING scroll of teleportation.
  2457 | D:6      | HP: 2/31 [phantom (6)]
  2457 | D:6      | Slain by a phantom

Levels and vault maps discovered:
D:1:      minmay_arrival_shattered_statue, layout_loops_corners
D:2:      layout_loops_ring
D:3:      layout_basic, mainiacjoe_overflow_catwalk
D:6:      layout_basic, mainiacjoe_overflow_24_doors,
          mainiacjoe_overflow_brackets, minmay_temple_entry_waves

Skill      XL: |  1  2  3  4  5 |
---------------+----------------+-----
Ranged Weapons | 3 4 5 |  5.1
Fighting       | 2 |  2.7
Armour         | 1 |  1.4
Dodging        | |  1.5
Spellcasting   | |  1.0
Hexes          | |  2.6

Action                     |  1- 3 |  4- 6 || total
---------------------------+-------+-------++-------
   Fire: Sling             |   121 |   104 ||   225
    Use: Scroll            |     7 |     2 ||     9
 Armour: Robe              |    12 |       ||    12
         Ring mail         |       |    49 ||    49
  Dodge: Dodged            |    33 |    43 ||    76

Table legend:
 A = Non-vault XP
 B = Vault XP
 C = Vault XP percentage of total XP
 D = Non-vault monster count
 E = Vault monster count
 F = Vault count percentage of total count
                 A         B        C        D         E       F
            +---------+---------+-------+---------+---------+-------
      Total |     301 |       0 |   0.0 |      58 |       0 |   0.0
            +---------+---------+-------+---------+---------+-------
        D:1 |      44 |       0 |   0.0 |      23 |       0 |   0.0
        D:2 |      23 |       0 |   0.0 |      15 |       0 |   0.0
        D:3 |     112 |       0 |   0.0 |      14 |       0 |   0.0
        D:6 |     122 |       0 |   0.0 |       6 |       0 |   0.0
            +---------+---------+-------+---------+---------+-------
